 Dungeon Crawl Stone Soup version 0.32-a0-928-g1cae6b7ea0 (webtiles) character file.

Game seed: 4495107309475518432

270 Autsider the Sneak (level 6, 0/45 HPs)
             Began as an Octopode Brigand on Apr 12, 2024.
             Succumbed to a scorpion's poison
             ... on level 3 of the Dungeon.
             The game lasted 00:04:58 (2156 turns).

Autsider the Sneak (Octopode Brigand)               Turns: 2156, Time: 00:04:59

Health: 0/45       AC:  5    Str: 10      XL:     6   Next: 22%
Magic:  6/6        EV: 11    Int: 13      God:
Gold:   131        SH:  0    Dex: 14 (16) Spells: 5/5 levels left

rFire   . . .        a - +2 dagger
rCold   . . .        (no shield)
rNeg    . . .        (helmet currently unavailable)
rPois   .            (no amulet)
rElec   .            l - +4 ring of protection
rCorr   .            (no ring)
SInv    .            (no ring)
Will    +....        (no ring)
Stlth   ++++         (no ring)
HPRegen 0.27/turn    (no ring)
MPRegen 0.10/turn    (no ring)
                     (no ring)

%: no passive effects
@: mighty, lethally poisoned (0 -> -14), beast-form, enlightened, flying,
hasted, very quick
A: beast (slay +1), almost no armour, amphibious, 8 rings, camouflage 1,
gelatinous body 1, (nimble swimmer 1), tentacles
a: Begin Untransformation


You were on level 3 of the Dungeon.
You were a hulking beast.
You visited 1 branch of the dungeon, and saw 4 of its levels.

You collected 131 gold pieces.

Inventory:

Hand Weapons
 a - a +2 dagger (weapon)
Missiles
 b - 9 poisoned darts (quivered)
 c - 3 curare-tipped darts
Jewellery
 l - a +4 ring of protection (left tentacle)
 q - an amulet of faith
Talismans
 o - a beast talisman (active)
Scrolls
 e - 3 scrolls of teleportation {unknown}
 f - 2 scrolls of identify {unknown}
 i - a scroll of vulnerability {unknown}
 j - a scroll of immolation {unknown}
 n - 2 scrolls of enchant weapon {unknown}
 p - a scroll of silence {unknown}
 r - a scroll of fog {unknown}
Potions
 m - a potion of resistance {unknown}
 s - a potion of heal wounds {unknown}


   Skills:
 - Level 5.0 Fighting
 - Level 2.0 Short Blades
 - Level 2.0 Throwing
 - Level 1.0 Dodging
 - Level 5.3 Stealth
 + Level 3.3 Shapeshifting


You had 5 spell levels left.
You didn't know any spells.
Your spell library contained the following spells:

 Spells                   Type           Power      Damage    Failure   Level
 Magic Dart               Conj           0%         1d3       30%         1
 Blink                    Tloc           0%         N/A       43%         2
 Call Imp                 Summ           0%         N/A       43%         2
 Sublimation of Blood     Necr           0%         N/A       43%         2
 Summon Forest            Summ/Tloc      0%         N/A       100%        5
 Eringya's Noxious Bog    Alch           0%         4d6       100%        6
 Summon Hydra             Summ           0%         N/A       100%        7


Dungeon Overview and Level Annotations

Branches:
Dungeon (4/15)
 Temple: D:4-7

Altars:
Kikubaaqudgha


Innate Abilities, Weirdness & Mutations

You are a hulking beast.
Your limbs bulge with bestial killing power. (Slay +1)
You cannot wear most types of armour.
You are amphibious.
You can wear up to eight rings at the same time.
Your skin changes colour to match your surroundings (Stealth+).
Your rubbery body absorbs attacks. (AC +1, EV +1)
((You are camouflaged when in or above water. (Stealth+)))
You have tentacles for arms and can constrict up to eight enemies at once.


Message History

The scorpion stings you but does no damage.
You feel sick. The scorpion attacks as it pursues you!
The scorpion barely misses you.
The scorpion stings you but does no damage.
You feel sick. The scorpion attacks as it pursues you! The scorpion stings you.
* * * LOW HITPOINT WARNING * * *
You are more poisoned.
The scorpion poisons you!
* * * LOW HITPOINT WARNING * * *
You feel very sick.
* * * LOW HITPOINT WARNING * * *
You feel very sick.
* * * LOW HITPOINT WARNING * * *
You feel very sick.
The scorpion stings you but does no damage.
It was a potion of might.
You feel very mighty all of a sudden.
You feel sick. The scorpion stings you.
* * * LOW HITPOINT WARNING * * *
You are more poisoned.
The scorpion poisons you!
It was a potion of enlightenment.
You feel very buoyant.
You fly up into the air.
* * * LOW HITPOINT WARNING * * *
You feel very sick. The scorpion closely misses you.
It was a potion of curing.
You feel better. The scorpion stings you.
* * * LOW HITPOINT WARNING * * *
You puncture the scorpion! Your grab misses the scorpion.
The scorpion is heavily wounded.
The scorpion closely misses you.
You hit the scorpion. Your grab misses the scorpion.
The scorpion is severely wounded.
The scorpion stings you.
* * * LOW HITPOINT WARNING * * *
You are lethally poisoned!
The scorpion poisons you!
It was a potion of haste.
You feel yourself speed up.
You die...

.<# #########.>#.#.....# #.# ###
#..........#.#.....### #.#
#.#######...[#.......# #.# #.#
#..###.....#.# #.# #.# #..#
#.....#.# #.## ##.#
#..###.#.#.#.# #... ######..####
#5g##)##.....# ###. #..........#
##s###.###.#.# #.
..####.###.#####h####.#.##.# #.
######.# #.#...#..####.###.# #.
.......# #.#.....()).......# #.
#####..# #........########## #.
#..# #........รท.)....# #.
#####..###........###.##.# #.
..........##......##.#.#.# #.
#####...............###..#######.
#.###.###.#...##.#.#.........


You could see a scorpion, a white imp and a goblin.

Vanquished Creatures
  A quasit (D:3)
  2 bombardier beetles (D:3)
  An orc priest (D:3)
  An orc wizard (D:3)
  2 adders (D:2)
  An ufetubus (D:3)
  3 dart slugs
  A ribbon worm (D:3)
  13 orcs (D:3)
  6 bats
  6 endoplasms
  2 giant cockroaches
  7 goblins
  4 hobgoblins
  7 jackals
  A quokka (D:3)
  7 ball pythons
  4 frilled lizards
  4 kobolds
  8 rats
81 creatures vanquished.

Notes
Turn   | Place    | Note
-------+----------+-------------------------------------------
     0 | D:1      | Autsider the Octopode Brigand began the quest for the Orb.
     0 | D:1      | Reached XP level 1. HP: 14/14 MP: 1/1
    66 | D:1      | Reached XP level 2. HP: 11/20 MP: 2/2
   429 | D:1      | Reached XP level 3. HP: 25/26 MP: 3/3
   753 | D:2      | Reached XP level 4. HP: 30/33 MP: 4/4
  1356 | D:3      | Reached skill level 1 in Shapeshifting
  1408 | D:3      | Reached XP level 5. HP: 36/38 MP: 5/5
  1462 | D:3      | Reached skill level 5 in Fighting
  1658 | D:3      | Found an ancient bone altar of Kikubaaqudgha.
  1672 | D:3      | Reached XP level 6. HP: 45/45 MP: 6/6
  2152 | D:3      | HP: 2/45 [poisoned by a scorpion]
  2156 | D:3      | Succumbed to a scorpion's poison

Illustrated notes

Levels and vault maps discovered:
D:1:      co_arrival_square_in_a_square_in_a_square, layout_basic, serial_bayou,
          serial_bayou_pond_c, serial_bayou_shore_a, serial_bayou_pond_e,
          serial_bayou_lagoon_b
D:2:      layout_loops_cross, minmay_fountain_box
D:3:      layout_loops_ring, nicolae_kikubaaqudgha_miasma_corner
D:4:      layout_loops_cross, mainiacjoe_overflow_paths, serial_demonic,
          serial_demonic_g, serial_demonic_e, serial_demonic_g,
          serial_demonic_d, uniq_robin

Skill      XL: |  1  2  3  4  5  6 |
---------------+-------------------+-----
Fighting       | 3 4 5 |  5.0
Shapeshifting  | 1 2 3 |  3.3
Short Blades   | |  2.0
Throwing       | |  2.0
Dodging        | |  1.0
Stealth        | |  5.3

Action                     |  1- 3 |  4- 6 || total
---------------------------+-------+-------++-------
  Melee: Dagger            |    47 |    87 ||   134
         Constrict         |    13 |    26 ||    39
         Tentacles         |     6 |    20 ||    26
    Use: Potion            |       |     4 ||     4
   Stab: Sleeping          |    10 |     9 ||    19
         Distracted        |       |     1 ||     1
 Armour: Skin              |    19 |    64 ||    83
  Dodge: Dodged            |    18 |    53 ||    71
   Form: Beast             |       |     1 ||     1

Table legend: (Time is in decaauts)
 A = Elapsed time spent in this place.
 B = Non-inter-level travel time spent in this place.
 C = Inter-level travel time spent in this place.
 D = Time resting spent in this place.
 E = Time spent auto-exploring this place.
 F = Levels seen in this place.
 G = Mean time per level.
                   A        B        C        D        E       F      G
               +--------+--------+--------+--------+--------+-----+--------+
         Total |   2143 |   2084 |     59 |     55 |   1568 |   4 |  535.8 |
       Dungeon |   2143 |   2084 |     59 |     55 |   1568 |   4 |  535.8 |
               +--------+--------+--------+--------+--------+-----+--------+

Top non-repeatable levels by time:
     D:3: 802 daAuts
     D:1: 669 daAuts
     D:2: 659 daAuts
     D:4: 12 daAuts
